Map: King's Cove LE

Players

TheRealJ - Winner!

  • Race: Protoss Protoss
  • League: Diamond
  • Spawn Location: 11:00

INject

  • Race: Terran Terran
  • League: Platinum
  • Spawn Location: 5:00

VOD

Have the link to the VOD?

Description

Time

  • Played on: Feb. 8, 2019, 6:22 a.m.
  • Length: 17:45
Show
View Real Time Build Order
Export as new Build Order

TheRealJ Protoss - Winner!

Build Orders: 1 Gate Expand 

Get SALT Encoding   

  12  0:01  Probe  
  13  0:13  Probe  
  14  0:20  Pylon  
  14  0:25  Probe  
  15  0:37  Probe  
  15  0:39  Gateway  
  16  0:45  Assimilator, Probe  
  17  0:53  Probe  
  18  1:04  Probe  
  19  1:16  Probe  
  20  1:26  Nexus  
  20  1:29  Probe  
  21  1:38  Cybernetics Core  
  21  1:46  Probe  
  22  1:56  Pylon  
  21  2:03  Probe, Assimilator  
  21  2:05  Adept  
  22  2:11  Probe  
  25  2:33  Robotics Facility  
  25  2:36  Gateway, Warp Gate  
  25  2:40  Stalker  
  27  2:47  Probe  
  27  2:48  Probe  
  29  2:57  Probe  
  29  3:00  Probe  
  31  3:08  Probe  
  31  3:10  Stalker  
  31  3:12  Probe  
  35  3:13  Observer  
  35  3:20  Probe  
  35  3:24  Probe, Stalker  
  40  3:29  Pylon  
  40  3:34  Probe  
  41  3:36  Probe  
  42  3:46  Probe  
  42  3:47  Assimilator  
  43  3:48  Probe  
  44  3:58  Probe  
  45  4:03  Gateway x2  
  45  4:07  Probe  
  46  4:10  Twilight Council  
  46  4:12  Assimilator  
  46  4:18  Probe  
  47  4:28  Probe  
  48  4:34  Probe  
  49  4:39  Pylon  
  49  4:40  Observer  
  48  4:46  Forge, Pylon  
  49  4:55  Probe  
  50  5:03  Charge  
  50  5:10  Immortal  
  50  5:11  Nexus  
  50  5:12  Probe x2  
  56  5:21  Templar Archives  
  56  5:23  Pylon  
  56  5:26  Pylon  
  56  5:27  Probe x2  
  58  5:40  Protoss Ground Armor Level 1  
  54  5:56  Psionic Storm  
  54  6:00  Probe  
  54  6:03  Probe  
  56  6:12  Probe  
  56  6:14  Gateway  
  56  6:15  Gateway x2  
  56  6:16  High Templar x3  
  63  6:21  Pylon  
  64  6:25  Probe  
  64  6:26  Probe x2  
  66  6:36  Photon Cannon  
  66  6:41  Gateway  
  66  6:42  Probe x2  
  66  6:44  Probe  
  69  6:52  Photon Cannon  
  69  6:54  Probe x2  
  69  6:56  High Templar  
  69  6:57  Probe, High Templar  
  76  7:07  Photon Cannon, Probe  
  77  7:10  Stalker  
  77  7:12  Stalker  
  81  7:17  Pylon  
  81  7:19  Probe x2  
  81  7:20  Probe  
  84  7:29  Stalker x2  
  88  7:31  Probe  
  89  7:37  Zealot x3  
  89  7:40  Probe  
  89  7:41  Probe  
  97  7:46  Assimilator  
  97  7:47  Protoss Ground Weapons Level 1, Probe  
  97  7:50  Gateway  
  98  7:53  Probe  
  98  7:54  Assimilator  
  98  7:56  Probe  
  100  7:59  Probe  
  100  8:03  Photon Cannon  
  100  8:05  Probe  
  103  8:06  Observer  
  103  8:14  Forge  
  103  8:23  Probe  
  103  8:27  Probe x2  
  102  8:33  Observer, Probe  
  104  8:39  Probe  
  106  8:44  Zealot  
  106  8:45  High Templar x2, Zealot x2  
  116  8:49  Pylon x2  
  116  8:57  Robotics Facility  
  116  8:59  Robotics Bay  
  116  9:00  Nexus  
  116  9:01  Stargate  
  116  9:03  Stargate  
  116  9:13  Probe x2  
  118  9:17  Gateway  
  118  9:21  Probe  
  118  9:22  Probe  
  118  9:25  Probe  
  118  9:29  Probe  
  118  9:30  Protoss Ground Armor Level 2  
  121  9:32  Probe  
  121  9:33  Pylon  
  121  9:36  Pylon  
  121  9:37  Probe  
  124  9:39  Assimilator  
  124  9:43  Assimilator, Zealot x4  
  132  9:48  Gateway  
  132  9:56  Photon Cannon  
  132  9:57  Shield Battery  
  132  9:58  Probe  
  132  9:59  Gateway  
  133  10:02  Shield Battery  
  133  10:06  Colossus x2  
  133  10:07  Zealot  
  133  10:08  Zealot x2  
  133  10:09  Extended Thermal Lance  
  133  10:13  Protoss Ground Weapons Level 2  
  151  10:31  Stalker  
  151  10:32  Stalker x3  
  157  10:53  Blink  
  155  10:59  Archon x2  
  155  11:00  Archon, Zealot x2  
  155  11:01  Zealot x3  
  161  11:15  Colossus  
  161  11:17  Colossus  
  147  11:31  Stalker x5  
  147  11:32  Stalker x4  
  163  11:49  Probe  
  163  11:52  Photon Cannon  
  164  11:55  Probe  
  164  11:58  Photon Cannon  
  164  11:59  Probe x2  
  164  12:01  Zealot x4  
  158  12:02  Zealot x2  
  158  12:03  Zealot  
  136  12:26  Zealot x3  
  136  12:27  Zealot x6  
  136  12:28  Zealot  
  149  12:37  Stalker x2  
  153  12:47  High Templar x5  
  153  12:51  Observer  
  164  12:58  Assimilator  
  164  13:01  Shield Battery  
  164  13:02  Photon Cannon  
  164  13:03  Photon Cannon  
  164  13:04  Pylon  
  164  13:05  Shield Battery  
  164  13:22  Observer  
  164  13:23  Zealot x3  
  164  13:26  Probe  
  172  13:42  Probe x2  
  172  13:43  Probe x2  
  122  14:16  High Templar x5  
  132  14:17  Zealot x3  
  132  14:18  Zealot x2  
  142  14:26  Void Ray x2  
  142  14:29  Pylon  
  150  14:33  Gateway  
  150  14:34  Protoss Ground Weapons Level 3, Protoss Ground Armor Level 3  
  150  14:46  Colossus x2  
  150  14:51  Stalker  
  150  14:52  Stalker x5  
  169  15:08  Zealot x3  
  169  15:09  High Templar, Zealot  
  169  15:11  Nexus  
  179  15:14  Pylon  
  179  15:17  Pylon  
  145  15:49  Zealot x2  
  139  15:50  Zealot x6  
  139  15:51  Archon  
  139  15:54  Colossus x2  
  161  16:07  Stalker x5  
  171  16:18  Fleet Beacon  
  171  16:26  Photon Cannon  
  171  16:28  Photon Cannon  
  171  16:29  Shield Battery  
  171  16:30  Shield Battery  
  171  16:32  Gateway  
  171  16:35  High Templar x3  
  171  16:36  High Templar x5  
  171  16:38  Pylon  
  187  16:40  Photon Cannon  
  187  16:43  Archon x2  
  187  16:44  Shield Battery  
  187  16:49  Observer, Photon Cannon  
  188  16:54  Photon Cannon  
  188  16:55  Assimilator  
  188  16:57  Assimilator  
  188  16:58  Photon Cannon  
  188  17:01  Tempest x2  
  198  17:18  Zealot  
Show
View Real Time Build Order
Export as new Build Order

INject Terran 

Build Orders:  

Get SALT Encoding   

  12  0:00  SCV  
  13  0:12  SCV  
  14  0:20  Supply Depot  
  14  0:24  SCV  
  15  0:29  Refinery  
  15  0:41  SCV  
  16  0:45  Barracks  
  16  0:53  SCV  
  17  1:05  SCV  
  18  1:18  SCV  
  19  1:34  Orbital Command  
  19  1:35  Marine  
  20  1:56  Command Center  
  20  2:06  Barracks  
  20  2:07  Barracks Reactor  
  20  2:15  Supply Depot  
  20  2:19  SCV  
  21  2:25  Refinery  
  21  2:34  Factory  
  21  2:36  SCV  
  22  2:49  SCV, Marine  
  24  2:55  Barracks Tech Lab  
  24  3:01  SCV  
  25  3:05  Marine  
  26  3:13  Orbital Command, SCV  
  26  3:19  Widow Mine  
  29  3:21  Stimpack  
  29  3:28  Starport  
  29  3:31  SCV  
  30  3:40  SCV  
  31  3:42  Factory Reactor  
  31  3:43  SCV  
  31  3:45  Factory Tech Lab  
  32  3:49  Marine  
  32  3:52  Refinery, SCV  
  34  3:55  SCV  
  34  3:59  Supply Depot  
  34  4:02  Marauder, Liberator  
  37  4:04  SCV  
  37  4:07  Siege Tank  
  41  4:10  SCV  
  41  4:16  SCV  
  43  4:24  SCV  
  47  4:25  Engineering Bay  
  47  4:30  Supply Depot  
  47  4:33  SCV  
  47  4:37  SCV  
  49  4:39  Marine  
  50  4:46  SCV  
  50  4:49  SCV  
  50  4:52  Refinery  
  52  4:57  Marine  
  52  4:58  SCV, Terran Infantry Weapons Level 1  
  54  5:01  Siege Tank  
  54  5:05  Engineering Bay  
  57  5:07  SCV  
  57  5:09  Supply Depot  
  57  5:11  Marine  
  57  5:13  Starport Reactor  
  59  5:20  SCV x2  
  59  5:21  Barracks  
  61  5:27  Missile Turret, Marine  
  62  5:31  Marine  
  62  5:32  SCV x2, Combat Shield  
  65  5:45  SCV  
  65  5:46  SCV  
  65  5:48  Factory Reactor  
  67  5:51  Marauder  
  67  5:53  Terran Infantry Armor Level 1  
  67  5:54  Medivac  
  68  6:03  Supply Depot  
  68  6:10  Command Center, SCV x2  
  70  6:19  Missile Turret  
  70  6:20  Armory  
  70  6:21  Concussive Shells  
  70  6:25  SCV x2  
  72  6:26  Supply Depot  
  72  6:28  Medivac  
  72  6:30  Marine x2  
  72  6:31  Marauder  
  78  6:37  Supply Depot  
  78  6:48  SCV, Widow Mine  
  78  6:51  Barracks  
  81  6:55  SCV  
  81  6:56  Barracks  
  81  6:57  Medivac, Ghost Academy  
  84  7:02  SCV  
  84  7:07  SCV  
  86  7:08  Marine  
  86  7:09  Marauder  
  86  7:12  Marauder  
  86  7:13  Widow Mine  
  86  7:14  SCV  
  94  7:18  Terran Infantry Weapons Level 2  
  94  7:22  Widow Mine  
  96  7:24  Orbital Command  
  96  7:30  Marauder  
  96  7:35  Terran Vehicle Weapons Level 1  
  98  7:38  SCV  
  98  7:39  SCV, Supply Depot, Marine  
  98  7:40  Supply Depot  
  98  7:41  Marine  
  102  7:44  Barracks Tech Lab  
  102  7:45  Orbital Command, Barracks Tech Lab  
  102  7:50  Terran Infantry Armor Level 2  
  102  7:57  Marine  
  105  7:58  Marauder  
  105  8:01  SCV x2  
  107  8:13  SCV x2  
  107  8:14  SCV  
  107  8:17  Refinery  
  107  8:19  Missile Turret  
  110  8:22  Marine x4  
  110  8:23  Marauder x2  
  110  8:25  SCV x2  
  111  8:30  SCV  
  111  8:31  Refinery  
  111  8:33  Personal Cloaking  
  112  8:35  Medivac  
  112  8:36  Medivac  
  112  8:40  Ghost  
  118  8:44  Marine  
  118  8:45  Marauder, Ghost  
  118  8:46  Marauder, Supply Depot  
  125  8:52  Widow Mine x2  
  129  8:59  SCV x2  
  129  9:00  Supply Depot  
  129  9:02  SCV, Marine  
  133  9:07  Marine x2  
  133  9:08  Marauder  
  133  9:09  Marine  
  138  9:10  Medivac, Supply Depot  
  138  9:11  SCV  
  138  9:14  Supply Depot, Missile Turret  
  141  9:18  Sensor Tower  
  141  9:21  Medivac, SCV  
  141  9:22  Supply Depot  
  141  9:23  Marine  
  147  9:24  Marauder  
  147  9:25  Marine  
  148  9:31  Marauder x2  
  148  9:33  Marine  
  148  9:38  SCV  
  154  9:41  Marine  
  154  9:43  Marine  
  154  9:45  Marauder, Supply Depot  
  158  9:47  Widow Mine  
  158  9:48  Command Center  
  158  9:50  SCV  
  158  9:51  Marine  
  158  9:52  Marine  
  162  9:53  Marauder  
  162  9:59  Marine  
  166  10:01  Starport  
  166  10:04  SCV  
  166  10:06  Viking x2  
  171  10:14  SCV  
  172  10:15  Starport  
  172  10:16  SCV, Supply Depot  
  172  10:19  Ghost  
  172  10:20  Marauder, Terran Infantry Weapons Level 3  
  177  10:21  Starport  
  177  10:29  Marine x2  
  177  10:30  Marauder  
  181  10:41  SCV  
  181  10:49  Marine  
  181  10:50  Marauder, Marine x3  
  184  10:58  Marauder  
  184  11:03  SCV  
  184  11:04  SCV  
  183  11:07  Marine x2  
  183  11:08  Marauder, Marine  
  188  11:11  SCV  
  188  11:16  Marauder  
  181  11:19  Marine  
  181  11:25  Marine x2  
  155  11:26  Marauder  
  155  11:29  Marine  
  155  11:30  Viking x2  
  155  11:32  Starport Reactor  
  149  11:34  Starport Reactor x2  
  149  11:37  Marine x2  
  153  11:40  Widow Mine x2  
  153  11:43  Liberator, Marine x2  
  157  11:47  Marauder x2  
  161  11:54  Marine  
  161  11:55  Marine  
  161  12:00  Viking  
  161  12:01  Marine x2  
  137  12:09  Marauder x2  
  137  12:12  Marine  
  137  12:13  Liberator, Marauder  
  137  12:14  Bunker  
  135  12:19  Marine x2  
  132  12:30  Marauder x2, Marine  
  132  12:34  Marauder  
  132  12:36  Marine x2  
  143  12:48  Marine  
  143  12:50  Liberator x2  
  144  12:51  Marauder, Marine  
  144  12:53  Command Center  
  144  12:54  Marine x2  
  144  12:55  Marauder  
  151  13:03  Liberator x2  
  151  13:05  Terran Infantry Armor Level 3  
  151  13:06  Marauder  
  151  13:09  Marine  
  151  13:12  Marine x2  
  160  13:13  Marauder  
  160  13:16  Ghost  
  164  13:26  Ghost  
  170  13:27  Marine  
  170  13:30  Marine x2  
  175  13:34  Marauder  
  177  13:45  Marauder  
  177  13:46  Marauder  
  177  13:48  Marine x2  
  151  13:55  Ghost  
  132  13:56  Marauder  
  116  14:05  Marine  
  116  14:06  Ghost x2, Marine  
  113  14:10  Liberator x2  
  113  14:17  Marine  
  113  14:23  Marine x2  
  118  14:24  Marauder  
  124  14:35  Marauder, Widow Mine x2, Marine x2  
  124  14:37  Fusion Core  
  132  14:41  Marine x2  
  136  14:46  Marauder  
  136  14:53  Marauder, Marine  
  136  14:56  Marine  
  136  14:57  Widow Mine  
  136  14:59  Marine x2  
  141  15:06  Marine  
  142  15:10  Medivac x3  
  142  15:11  Marauder  
  142  15:14  Marine x2  
  151  15:17  Marine x2  
  154  15:24  Marine  
  146  15:31  Marine  
  146  15:32  Marauder  
  146  15:33  Marauder  
  146  15:34  Marine  
  146  15:35  Marine  
  129  15:43  Marauder  
  115  15:50  Marauder  
  115  15:52  Marine x2  
  115  15:53  Marine  
  115  15:54  Marauder, Viking x2  
  123  16:03  Marine  
  115  16:10  Marine x2  
  118  16:11  Marauder  
  118  16:12  Marauder  
  118  16:15  Marauder  
  120  16:22  Marauder, Orbital Command  
  122  16:28  Marine x2  
  122  16:32  Marine  
  125  16:33  Marauder  
  125  16:36  Marine  
  123  16:43  Marauder  
  123  16:46  Marine x2  
  122  16:50  Marine  
  123  16:54  Marauder, Refinery, Marine  
  126  17:04  Marine x3  
  126  17:07  Medivac  
  126  17:08  Marine  
  141  17:12  Marine  
  141  17:15  Marine  
  142  17:21  Refinery, Marine x2  
  142  17:22  Marine  
Tags
 
Add a new tag
Caveats
  • Supply blocks, unpowered buildings, or Contaminate may cause inaccurate times.
  • Supply counts are checked every 10 seconds.